 Dungeon Crawl Stone Soup version 0.30-a0-1085-g990a428a5c (webtiles) character file.

Game seed: 11741584578767531815

44 olmar the Covered (level 3, -10/33 HPs)
             Began as an Armataur Fighter on Apr 16, 2023.
             Mangled by Sigmund
             ... wielding a +0 heavy scythe
              (18 damage)
             ... on level 2 of the Dungeon.
             The game lasted 00:01:43 (1077 turns).

olmar the Covered (Armataur Fighter)                Turns: 1077, Time: 00:01:43

Health: -10/33     AC: 10    Str: 23    XL:     3   Next: 41%
Magic:  3/3        EV:  6    Int:  8    God:
Gold:   96         SH:  4    Dex:  9    Spells: 2/2 levels left

rFire   . . .      SeeInvis .    a - +0 flail
rCold   . . .      Faith    .    c - +0 buckler
rNeg    . . .      Spirit   .    e - +0 chain mail
rPois   .          Reflect  .    (no helmet)
rElec   .          Roll     +    (no cloak)
rCorr   .                        i - +1 pair of gloves
Will    .....                    (no barding) Stlth
                                 (no amulet)
HPRegen 0.25/turn                (no ring)
MPRegen 0.08/turn                (no ring)

@: mighty, attractive
A: large, rugged brown scales 3, deformed body, armoured tail, roll, long
tongue, awkward tongue
a: no special abilities


You were on level 2 of the Dungeon.
You visited 1 branch of the dungeon, and saw 2 of its levels.

You collected 96 gold pieces.

Inventory:

Hand Weapons
 a - a +0 flail (weapon)
Armour
 b - a +0 scale mail
 c - a +0 buckler (worn)
 e - a +0 chain mail (worn)
 i - a +1 pair of gloves (worn)
Scrolls
 g - a scroll of teleportation {unknown}
 h - a scroll of identify {unknown}
 j - a scroll of enchant armour {unknown}


   Skills:
 + Level 3.1 Fighting
 + Level 2.2 Maces & Flails
 + Level 4.1 Armour
 + Level 3.8 Shields


You had 2 spell levels left.
You didn't know any spells.
Your spell library contained the following spells:

 Spells                   Type           Power      Damage    Failure   Level
 Volatile Blastmotes      Fire/Tloc      0%         2d10      100%        3
 Fulminant Prism          Conj/Hex       0%         3d5       100%        4
 Iskenderun's Mystic Bla  Conj/Tloc      0%         2d3       100%        4
 Lee's Rapid Deconstruct  Erth           0%         3d4*      100%        5


Dungeon Overview and Level Annotations

Branches:
Dungeon (2/15)

Altars:

Shops:
D:2 (

Annotations:
D:2 Sigmund


Innate Abilities, Weirdness & Mutations

You are completely covered in rugged brown scales. (AC +3, +7% HP)
Armour fits poorly on your strangely shaped body.
You have a long armoured tail.
You roll when moving toward enemies. (Rampage)
Your long tongue fully drains potion bottles. (2x potion effects)
Your tongue gives you trouble enunciating. (1.5x scroll delay)


Message History

You closely miss Sigmund.
Unknown command.
You closely miss Sigmund. You tail-slap Sigmund.
Sigmund is moderately wounded.
Sigmund gestures at you while chanting.
You are confused.
You are too confused!
You are too confused!
You are too confused!
Unknown command.
You closely miss Sigmund.
Sigmund is moderately wounded.
Sigmund hits you with a +0 heavy scythe!!
Ouch! That really hurt!
* * * LOW HITPOINT WARNING * * *
You barely miss Sigmund.
Sigmund is moderately wounded.
Unknown command.
It was a potion of attraction.
You feel attractive to monsters.
You slurp down every last drop of the potion of attraction!
Sigmund casts a spell at you.
The puff of flame hits you but does no damage.
You thump Sigmund!
Sigmund is severely wounded.
Sigmund gestures at you while chanting.
You are more confused.
Sigmund hits you with a +0 heavy scythe.
* * * LOW HITPOINT WARNING * * *
Unknown command.
You miss Sigmund.
Sigmund is severely wounded.
Unknown command.
Sigmund closely misses you.
Unknown command.
Sigmund hits you but does no damage.
You feel less confused.
Sigmund hits you with a +0 heavy scythe!!
Ouch! That really hurt!
You die...

#.......
.....8#######.....#.
....##...........##
#...##.......#####
##...##.......##
#⌠...⌠#........###
#...####........#
#...##8#......#.#
##.@.............###
#8..@.........#.....
##............#.....
##8###8#####.######
###########.#
#...........#
#############


You could see Sigmund.

Vanquished Creatures
  A dart slug (D:2)
  3 worms (D:2)
  A ball python (D:1)
  2 bats
  6 endoplasms
  2 goblins (D:1)
  A hobgoblin (D:1)
  6 jackals (D:1)
  2 quokkas
  3 kobolds (D:1)
  2 rats (D:1)
29 creatures vanquished.

Notes
Turn   | Place    | Note
-------+----------+-------------------------------------------
     0 | D:1      | olmar the Armataur Fighter began the quest for the Orb.
     0 | D:1      | Reached XP level 1. HP: 19/19 MP: 1/1
    67 | D:1      | Reached XP level 2. HP: 16/26 MP: 2/2
   592 | D:1      | Reached skill level 4 in Armour
   857 | D:2      | Reached XP level 3. HP: 32/33 MP: 3/3
   929 | D:2      | Found Jagego Tyme's Weapon Boutique.
  1060 | D:2      | Noticed Sigmund
  1077 | D:2      | Mangled by Sigmund

Illustrated notes

Levels and vault maps discovered:
D:1:      saegor_arrival_simple_c, layout_rooms
D:2:      layout_loops_ring, basic_altar, serial_shops,
          nicolae_shop_behind_doors, st_stairs_13, corexii_hall_statues_s,
          uniq_sigmund

Skill      XL: |  1  2 |
---------------+-------+-----
Fighting       | 3 |  3.1
Maces & Flails | 2 |  2.2
Armour         | 4 |  4.1
Shields        | |  3.8

Action                     || total
---------------------------++-------
  Melee: Flail             ||    71
         Tailslap          ||    13
    Use: Potion            ||     2
 Armour: Scale mail        ||    12
         Chain mail        ||    19
  Dodge: Dodged            ||    21
  Block: Buckler           ||    10

Table legend: (Time is in decaauts)
 A = Elapsed time spent in this place.
 B = Non-inter-level travel time spent in this place.
 C = Inter-level travel time spent in this place.
 D = Time resting spent in this place.
 E = Time spent auto-exploring this place.
 F = Levels seen in this place.
 G = Mean time per level.
                   A        B        C        D        E       F      G
               +--------+--------+--------+--------+--------+-----+--------+
         Total |   1100 |   1092 |      8 |    284 |    589 |   2 |  550.0 |
       Dungeon |   1100 |   1092 |      8 |    284 |    589 |   2 |  550.0 |
               +--------+--------+--------+--------+--------+-----+--------+

Top non-repeatable levels by time:
     D:1: 855 daAuts
     D:2: 245 daAuts
